[Event "Slovakian ECo-C Extraliga 2024-25"]
[Site "Slovakia"]
[Date "2024.11.24"]
[Round "2.1"]
[White "Pechac, Jergus"]
[Black "Hrbek, Stepan"]
[Result "1/2-1/2"]
[Annotator "RC"]
[ECO "E60"]
[WhiteElo "2598"]
[BlackElo "2407"]
[PlyCount "98"]
[EventDate "2024.09.12"]
[EventType "team-tourn"]
[EventCountry "SVK"]
[SourceTitle "playchess.com"]
[Source "ChessBase"]
[SourceQuality "1"]
[TimeControl "5400+30"]

1. Nf3 d5 2. b3 Nf6 3. Bb2 g6 4. e3 Bg7 5. c4 dxc4 6. Bxc4 O-O 7. O-O c5 8. d4 cxd4 9. Nxd4 Bd7 10. Nd2 Nc6 11. N2f3 Nxd4 12. Nxd4 Ne4 13. Rc1 Nd6 14. Be2 Qb6 15. h3 Rfd8 16. Qc2 Rac8 17. Qb1 Nf5 18. Rxc8 Rxc8 19. Rd1 Nxd4 20. Bxd4 Bxd4 21. Rxd4 Be6 22. Qd1 Qa5 23. Ra4 Qc5 24. Bf3 b5 25. Ra6 Rc7 26. b4 Qe5 27. a3 Rd7 28. Qc1 Bc4 29. Rc6 Rd3 30. Be2 Qc3 31. Qxc3 Rxc3 32. Bxc4 bxc4 33. Ra6 Rc1+ 34. Kh2 c3 35. Rxa7 Ra1 36. Rc7 Rxa3 37. Rxe7 Rb3 38. Rc7 h5 39. Kg3 Rxb4 40. Rxc3 Kg7 41. f4 Rb2 42. e4 Ra2 43. Re3 Rb2 44. Re1 Ra2 45. Rf1 h4+ 46. Kf3 Ra3+ 47. Kf2 Ra2+ 48. Kf3 Ra3+ 49. Kf2 Ra2+ 1/2-1/2

[Event "Slovakian ECo-C Extraliga 2024-25"]
[Site "Slovakia"]
[Date "2024.11.24"]
[Round "2.1"]
[White "Krejci, Jan"]
[Black "Aczel, Gergely"]
[Result "1-0"]
[Annotator "TA"]
[ECO "A18"]
[WhiteElo "2526"]
[BlackElo "2488"]
[PlyCount "55"]
[EventDate "2024.09.12"]
[EventType "team-tourn"]
[EventCountry "SVK"]
[SourceTitle "playchess.com"]
[Source "ChessBase"]
[SourceQuality "1"]
[TimeControl "5400+30"]

1. c4 Nf6 2. Nc3 e6 3. e4 d5 4. e5 d4 5. exf6 dxc3 6. bxc3 Qxf6 7. Nf3 b6 8. g3 Bb7 9. Bg2 Bd6 {[%emt 0:11:49] The position is equal.} 10. d4 {[%emt 0:00:07] Strongly threatening Bg5.} Nd7 11. O-O (11. Bg5 $14 Qg6 12. Nh4 Qxg5 13. Bxb7) 11... O-O $11 12. Re1 Rab8 13. a4 a5 14. Rb1 Ba8 15. Rb5 h6 {[%emt 0:04:10] Wards off Bg5} 16. Rh5 Rfe8 {[%emt 0:05:23] [#]} (16... Qd8 $11 {remains equal.}) 17. Ne5 $1 $16 Bxe5 18. dxe5 Qg6 19. Rh4 {[%emt 0:09:46] aiming for Bxa8.} Nc5 {[%emt 0:00:37] [#]} (19... Nf8 $142) 20. Bxh6 $1 Red8 {[%emt 0:03:21] [#]} ({Reject} 20... gxh6 21. Rg4) (20... Kf8 21. Bc1) 21. Qe2 {[%emt 0:03:29][%cal Oh6g7] And now Bxg7! would win.} Kf8 22. Be3 {[%emt 0:03:37] This pair of bishops is nice.} Nxa4 $2 (22... Kg8) 23. Qa2 $18 Nc5 $2 ({Don't play} 23... Nxc3 24. Rh8+ Ke7 25. Qa3+ Kd7 26. Rxd8+ Rxd8 27. Qxc3 $18) (23... Bxg2 $18 24. Kxg2 Nxc3 25. Qa3+ Kg8 26. Qxc3 Qf5) 24. Rh8+ Ke7 25. Bxc5+ {[%emt 0:00:11] White mates.} bxc5 {[%emt 0:00:05] [#]} 26. Qxa5 $1 Rb1 (26... Kd7 27. Rd1+) 27. Qxc7+ Rd7 28. Qxc5+ {[%emt 0:00:05] Weighted Error Value: White=0.05 (flawless) /Black=0.53.  Mistake:       	White=1     	Black=4      Inaccurate:     	White=1     	Black=2      OK:         	White=8     	Black=4      Best:        	White=1     	---        Strong:       	White=1     	---} 1-0

[Event "Slovakian ECo-C Extraliga 2024-25"]
[Site "Slovakia"]
[Date "2024.11.24"]
[Round "2.1"]
[White "Neugebauer, Martin"]
[Black "Sahidi, Samir"]
[Result "1/2-1/2"]
[Annotator "RC"]
[ECO "B14"]
[WhiteElo "2525"]
[BlackElo "2485"]
[PlyCount "29"]
[EventDate "2024.09.12"]
[EventType "team-tourn"]
[EventCountry "SVK"]
[SourceTitle "playchess.com"]
[Source "ChessBase"]
[SourceQuality "1"]
[TimeControl "5400+30"]

1. e4 c6 2. d4 d5 3. exd5 cxd5 4. c4 Nf6 5. Nc3 e6 6. Nf3 Bb4 7. cxd5 exd5 8. Bd3 O-O 9. O-O Nc6 10. h3 Re8 11. Bg5 Bxc3 12. bxc3 Qd6 13. Re1 Ne4 14. Bxe4 Rxe4 15. Qb3 1/2-1/2

[Event "Slovakian ECo-C Extraliga 2024-25"]
[Site "Slovakia"]
[Date "2024.11.24"]
[Round "2.1"]
[White "Mihok, Oliver"]
[Black "Navara, David"]
[Result "1/2-1/2"]
[Annotator "TA"]
[ECO "B94"]
[WhiteElo "2522"]
[BlackElo "2674"]
[PlyCount "43"]
[EventDate "2024.09.12"]
[EventType "team-tourn"]
[EventCountry "SVK"]
[SourceTitle "playchess.com"]
[Source "ChessBase"]
[SourceQuality "1"]
[TimeControl "5400+30"]

1. e4 c5 2. Nf3 d6 3. d4 cxd4 4. Nxd4 Nf6 5. Nc3 a6 6. Bg5 Nbd7 7. Qe2 h6 8. Bh4 g6 9. f4 {[%emt 0:00:17] e5 is the strong threat.} e5 10. fxe5 dxe5 {[%emt 0:00:08] [#]} 11. O-O-O $1 Qc7 $1 {[%emt 0:00:54] The position is equal.} (11... exd4 $2 {too greedy.} 12. e5 Bc5 (12... d3 $2 13. Rxd3 Bb4 14. Bxf6 $18) 13. exf6+ Kf8 14. Nd5 $18 (14. Qe7+ Qxe7 15. fxe7+ Bxe7 $16)) 12. Nb3 b5 13. Rxd7 Nxd7 14. Nd5 Qb8 15. Na5 Bg7 16. Qf3 {[%emt 0:00:35][%cal Of1c4] [#] Strongly threatening Bc4!} O-O 17. Be7 $1 Re8 {[%emt 0:00:09] White must now prevent ...Nb6.} 18. Nc6 Qb7 19. Na5 {[%emt 0:00:04] Excellent horsemanship.} Qb8 {[%emt 0:00:49] Hoping for ...Nb6.} 20. Nc6 Qb7 21. Na5 Qb8 {[%emt 0:00:04] Threatens to win with ...Nb6.} 22. Nc6 {[%emt 0:00:04] Not much happened in this game.   Weighted Error Value: White=0.02 (flawless) /Black=0.02 (flawless) .  OK:         	White=10    	Black=9      Best:        	White=2     	---        Strong:       	White=1     	Black=1} 1/2-1/2

[Event "Slovakian ECo-C Extraliga 2024-25"]
[Site "Slovakia"]
[Date "2024.11.24"]
[Round "2.1"]
[White "Karacsonyi, Gellert"]
[Black "Haring, Filip"]
[Result "1/2-1/2"]
[Annotator "TA"]
[ECO "C55"]
[WhiteElo "2390"]
[BlackElo "2483"]
[PlyCount "43"]
[EventDate "2024.09.12"]
[EventType "team-tourn"]
[EventCountry "SVK"]
[SourceTitle "playchess.com"]
[Source "ChessBase"]
[SourceQuality "1"]
[TimeControl "5400+30"]

1. e4 e5 2. Nf3 Nc6 3. d4 exd4 4. Bc4 Nf6 5. e5 Ng4 6. O-O d6 7. exd6 Qxd6 8. Re1+ Be7 9. b3 O-O {[%emt 0:00:47] White is slightly better.} 10. Ba3 Qd7 (10... Qd8 {simplifies} 11. Bxe7 Nxe7 12. Qxd4 Qxd4 13. Nxd4 Ng6) 11. Bxe7 Nxe7 12. Qxd4 Qxd4 13. Nxd4 Nf5 14. Nxf5 Bxf5 15. Re7 Rad8 {[%emt 0:17:29] [#]} 16. Nc3 {[%emt 0:16:59] Repels Rd1+} a6 17. a4 Bxc2 18. Rxc7 Ne5 19. Rxb7 Nxc4 {[%emt 0:00:08] The position is equal.} 20. bxc4 {[%emt 0:00:04] Threatens to win with Rb6.} Rc8 21. Nd5 {[%emt 0:14:14] [#] Black must now prevent Ne7+.} Rxc4 22. Ne3 {[%emt 0:00:15] Weighted Error Value: White=0.03 (flawless) /Black=0.06 (flawless) .  Inaccurate:     	---       	Black=1      OK:         	White=9     	Black=3      Best:        	---       	Black=2} 1/2-1/2

[Event "Slovakian ECo-C Extraliga 2024-25"]
[Site "Slovakia"]
[Date "2024.11.24"]
[Round "2.2"]
[White "Babula, Vlastimil"]
[Black "Kaczur, Florian"]
[Result "1/2-1/2"]
[Annotator "RC"]
[ECO "D35"]
[WhiteElo "2496"]
[BlackElo "2509"]
[PlyCount "61"]
[EventDate "2024.09.12"]
[EventType "team-tourn"]
[EventCountry "SVK"]
[SourceTitle "playchess.com"]
[Source "ChessBase"]
[SourceQuality "1"]
[TimeControl "5400+30"]

1. d4 d5 2. c4 e6 3. Nc3 Nf6 4. cxd5 exd5 5. Bg5 Be6 6. e3 Nbd7 7. Bd3 c6 8. h3 Bd6 9. Nge2 h6 10. Bh4 Qe7 11. Rc1 a6 12. O-O Rc8 13. a3 g5 14. Bg3 h5 15. Bxd6 Qxd6 16. f4 gxf4 17. Rxf4 Rg8 18. Kh1 Ke7 19. Qe1 Rg5 20. Qh4 Rcg8 21. Rf2 Kd8 22. b4 Qe7 23. Na4 Ne8 24. Nc5 Nd6 25. Qf4 Nxc5 26. dxc5 Nc8 27. Nd4 Qc7 28. Qf6+ Qe7 29. Qf4 Qc7 30. Qf6+ Qe7 31. Qf4 1/2-1/2

[Event "Slovakian ECo-C Extraliga 2024-25"]
[Site "Slovakia"]
[Date "2024.11.24"]
[Round "2.2"]
[White "Mazur, Stefan"]
[Black "Jakab, Bela"]
[Result "1-0"]
[Annotator "TA"]
[ECO "C15"]
[WhiteElo "2412"]
[BlackElo "2361"]
[PlyCount "127"]
[EventDate "2024.09.12"]
[EventType "team-tourn"]
[EventCountry "SVK"]
[SourceTitle "playchess.com"]
[Source "ChessBase"]
[SourceQuality "1"]
[TimeControl "5400+30"]

1. e4 e6 2. d4 d5 3. Nc3 Bb4 4. Nge2 dxe4 5. a3 Bxc3+ 6. Nxc3 Nf6 7. Bg5 h6 8. Bxf6 Qxf6 9. Nxe4 Qe7 10. Qf3 c6 (10... O-O $11) 11. O-O-O $16 {[%emt 0:07:57] White is better.} Nd7 12. Bd3 {[%emt 0:02:01] White is much more active. The black rooks are passive.} Nf6 13. Rhe1 Nxe4 14. Qxe4 Bd7 15. f4 O-O-O 16. g3 Qf6 17. Re3 Kc7 18. Be2 Bc8 19. c4 Rd6 20. Red3 Rhd8 21. h4 (21. Bf3 {is interesting.} g5 22. Qe5 Qh8 23. Qe3) 21... Qf5 22. Qe3 h5 23. R3d2 g6 24. Bf3 b6 25. c5 R6d7 26. b4 Ba6 27. Be4 Qf6 28. cxb6+ ({White should try} 28. Qc3 $1 $16) 28... axb6 $11 29. Qc3 Bb5 30. Kb2 Rd6 31. Kb3 {[%emt 0:01:35] a4 would now be deadly.} Ra8 {[%emt 0:01:00] aiming for ...Ba4+.} 32. Rc1 Kd7 33. Kb2 Ke7 34. Bc2 Rd5 (34... Kf8 $15) 35. Bb3 Rd6 36. Re1 Kf8 37. Re5 (37. Qe3 $11 {remains equal.}) 37... Qd8 (37... Ra7 $17) 38. g4 hxg4 (38... Qxh4 39. gxh5 gxh5 40. f5 $16) 39. h5 gxh5 (39... Qf6 $11) 40. f5 $1 $16 f6 (40... exf5 $2 41. Rxf5 Ra7 42. Rdf2) 41. Rxe6 Rxe6 (41... Ba4 $16 {keeps fighting.} 42. Bxa4 Rxa4) 42. fxe6 $18 Qd6 43. d5 Qe5 44. Qxe5 fxe5 {[%emt 0:00:00][%mdl 4096] Endgame. KRB-KRB} 45. Rf2+ Kg7 {[%emt 0:00:00] [#] White must now prevent ...cxd5.} 46. a4 $2 g3 $1 $14 (46... Bxa4 $2 47. Bxa4 g3 (47... Rxa4 $2 48. e7 $18) 48. Rf7+ (48. Bxc6 $2 gxf2 49. Bxa8 f1=Q $19) 48... Kh6 49. Rf1 (49. Bxc6 g2 $11) 49... cxd5 (49... Rxa4 $2 50. e7 $18) 50. e7 $18) 47. Rf7+ Kh6 $1 48. Bc2 (48. axb5 g2 49. Bc2 (49. Rf6+ $2 Kg7 $19) 49... Rg8 $19 (49... g1=Q $2 50. Rh7+ Kg5 51. Rg7+ Kf6 52. Rxg1 $18)) (48. d6 {looks sharper.} g2 49. Bc2 Rg8 50. d7) 48... cxd5 49. Rh7+ $1 Kg5 {[%emt 0:00:00][%cal Oa8g8] Hoping for ...Rg8!} 50. axb5 $11 {[%emt 0:00:00] Threatens to win with Bb3. KRB-KR} Rg8 51. e7 Kf6 {[%emt 0:00:00] Against Rg7} 52. Rxh5 e4 {[%emt 0:01:23] Strongly threatening ...g2.} (52... g2 $2 53. e8=Q Rxe8 54. Rf5+ Ke6 55. Rg5 $16) 53. Rxd5 {[%emt 0:00:00] Threatening mate with Rd8.} g2 (53... Kxe7 $2 54. Rd1 $18 (54. Bxe4 g2 $11)) 54. Rd1 Kxe7 (54... g1=R $2 55. Rxg1 Rh8 56. Bxe4 $18) 55. Rg1 $1 Rg4 {[%emt 0:02:18] [#]} ({Better is} 55... e3 $1 $14) 56. Kc3 $1 $18 {[%emt 0:01:09] Kd4 is the strong threat.} e3 $2 {[%emt 0:00:34] [#]} (56... Kd6 57. Kd4 e3+ 58. Kxe3 Rxb4) 57. Bd1 $1 Rg3 58. Kd4 Kf6 59. Ke4 Kg5 60. Bf3 Kh4 61. Kxe3 {[%emt 0:00:14] White mates.} (61. Rxg2 $2 {is the wrong capture.} Rxg2 62. Kxe3 (62. Bxg2 $2 {too greedy.} e2 $19) 62... Rb2 $19) 61... Rg5 62. Rxg2 Rxb5 63. Rb2 Kg3 64. Bc6 {[%emt 0:00:06] Weighted Error Value: White=0.15 (very precise) /Black=0.33.  Loses game:     	---       	Black=1      Missed win:     	White=1     	---        Mistake:       	White=2     	Black=6      Inaccurate:     	White=3     	Black=3      OK:         	White=15    	Black=19     Best:        	White=6     	Black=1      Strong:       	White=5     	Black=2} 1-0

[Event "Slovakian ECo-C Extraliga 2024-25"]
[Site "Slovakia"]
[Date "2024.11.24"]
[Round "2.2"]
[White "Bochnicka, Vladimir"]
[Black "Finek, Vaclav"]
[Result "0-1"]
[Annotator "TA"]
[ECO "C55"]
[WhiteElo "2347"]
[BlackElo "2472"]
[PlyCount "194"]
[EventDate "2024.09.12"]
[EventType "team-tourn"]
[EventCountry "SVK"]
[SourceTitle "playchess.com"]
[Source "ChessBase"]
[SourceQuality "1"]
[TimeControl "5400+30"]

1. e4 e5 2. Nf3 Nc6 3. Bc4 Nf6 4. d3 Be7 5. O-O O-O 6. Re1 d6 7. a4 Na5 8. Ba2 {[%emt 0:00:26] C55: Two Knights: 4 d3, 4 d4 exd4 5 e5 and Max Lange Attack.} c5 9. c3 Nc6 10. Na3 h6 11. h3 a6 12. Bd2 Rb8 {[%emt 0:01:41] 12...Bd7 is the hot move.} 13. Nc2 b5 14. axb5 axb5 15. b4 cxb4 16. cxb4 Bd7 $146 ({Predecessor:} 16... Be6 17. Bxe6 fxe6 18. d4 Qd7 19. Ra3 Rfc8 20. Rd3 exd4 21. Nfxd4 Nxd4 22. Nxd4 Rc4 {1-0 Bacrot,E (2692)-Naumann,A (2561) Bundesliga 1617 2016 (14.6)}) 17. d4 Rc8 18. Rc1 Qb6 19. Bc3 Qb8 20. Qd3 Bd8 21. Ne3 exd4 22. Nxd4 Ne5 23. Qb1 Nh5 24. Ndf5 Nf4 25. Nd5 Nxd5 26. Bxd5 Bxf5 27. exf5 Bf6 28. Bxe5 Bxe5 29. Qb3 Qa7 30. g3 Qd7 31. Qf3 Rxc1 32. Rxc1 Rc8 33. Rc6 Rxc6 34. Bxc6 Qd8 35. Qd5 Qg5 36. Bxb5 Qxf5 37. Bd3 Qc8 38. b5 g5 39. b6 Qc5 40. Qa8+ Kg7 41. b7 Bxg3 42. Qa1+ Be5 43. Qxe5+ (43. b8=Q Bxa1 44. Qa8 Qe5 $17) 43... dxe5 44. b8=Q (44. b8=B $2 {perishes.} Kf6 $19) 44... Qd4 45. Bf5 Qd1+ 46. Kg2 ({Much less strong is} 46. Kh2 Qd4 47. Kg2 Qd5+ 48. Kg3 Qd4) 46... Qd5+ 47. Kg3 $1 Qd4 48. Qb1 $1 Qf4+ 49. Kg2 Kf6 50. Bc2 Qc4 $2 (50... g4 $16) 51. Be4 Kg7 52. Qd3 Qe6 53. Qf3 Qd6 54. Qf5 Kf8 55. Kg3 Qd4 56. Kg4 Qd1+ 57. Qf3 Qd2 58. Bd5 Qb4+ 59. Kg3 Qe7 60. Qf5 Qa3+ 61. Kg4 Qa4+ {[%emt 0:00:26] [#]} 62. Qe4 $1 Qd7+ 63. Kg3 Qd6 64. Kg2 Kg7 65. Qf3 Qd7 66. Be4 $2 (66. Ba2 $18) 66... Qe6 $2 (66... Qd6 $1 $11 67. Qf5 Kf8) 67. Kg3 Kf8 68. Qf5 Qd6 69. Qh7 Qf6 70. Bf5 Ke7 71. Kg4 $2 (71. Kg2 $18) 71... e4 $1 $11 72. Kg3 (72. Bxe4 $2 {gets mated.} Qf4+ 73. Kh5 Qh4#) (72. Kh5 $5 g4 $8 73. h4 $11 (73. Bxe4 $2 Qg5#)) 72... Qe5+ 73. Kg2 e3 74. fxe3 Qxe3 75. Qxh6 (75. Bd3 $11) 75... Qd2+ $17 76. Kg1 Qd4+ 77. Kg2 Qd5+ 78. Kg3 Qxf5 79. Qh5 Ke6 80. Kg2 Ke5 81. Qh8+ Kf4 82. Qc3 Qd5+ 83. Kf2 Qa2+ (83... Kf5 $17) 84. Kg1 Qb1+ 85. Kf2 Qa2+ 86. Kg1 Qe6 87. Kf2 $1 {[%emt 0:00:04] [#]} Kf5 (87... Qb6+ $1 $17 88. Kg2 Kf5) 88. Kf3 (88. Qf3+ $1 $11 Kg6 89. Kg2) 88... Qe4+ $17 89. Kf2 Kg6 90. Qb3 Qe6 91. Qc3 $2 (91. Qb8 $17) 91... Qf6+ 92. Qxf6+ Kxf6 93. Ke2 Kg6 94. Kf2 Kh5 95. Kg3 f5 96. Kh2 Kh4 97. Kg2 f4 0-1

[Event "Slovakian ECo-C Extraliga 2024-25"]
[Site "Slovakia"]
[Date "2024.11.24"]
[Round "2.2"]
[White "Delgerdalai, Bayarjavkhlan"]
[Black "Stalmach, Richard"]
[Result "1/2-1/2"]
[Annotator "TA"]
[ECO "B90"]
[WhiteElo "2347"]
[BlackElo "2444"]
[PlyCount "82"]
[EventDate "2024.09.12"]
[EventType "team-tourn"]
[EventCountry "SVK"]
[SourceTitle "playchess.com"]
[Source "ChessBase"]
[SourceQuality "1"]
[TimeControl "5400+30"]

1. e4 c5 2. Nf3 d6 3. d4 cxd4 4. Nxd4 Nf6 5. Nc3 a6 6. a3 e5 7. Nf5 d5 8. Bg5 $1 d4 9. Bxf6 $1 gxf6 10. Nb1 Bxf5 11. exf5 Qd5 12. Qh5 Nd7 13. Nd2 Rc8 {[%emt 0:00:14] Prevents Bc4.} 14. Bd3 Qxg2 15. Be4 {[%emt 0:00:32] White is weak on the dark squares} Qg5 16. Qf3 Bh6 17. O-O-O Nc5 18. Kb1 (18. Bd5 {looks sharper.} d3 19. c3 Qf4 20. Qh5) 18... Rc7 (18... Qf4 $1 $11) 19. Rhg1 $14 Qf4 20. Qe2 {[%emt 0:00:25] Hoping for Rg4.} Nxe4 (20... Qxh2 $2 21. Rg2 Qh4 22. Rg4 $18) 21. Nxe4 Ke7 (21... Qxh2 $2 22. Rh1 (22. Nxf6+ Kf8 $18) 22... Qf4 23. Nxf6+ Kd8 24. Nd5 Qxf5 25. Rxh6 $18) 22. Rg4 $1 $36 {[%emt 0:04:47][%mdl 2048] White has strong initiative.} Qxf5 23. Ng3 (23. Rxd4 $5 Rd7 (23... exd4 24. Ng3+ Qe6 25. Re4 $18) 24. Rxd7+ Qxd7 25. Rh4 $14) 23... Qe6 {[%emt 0:01:07] And now ...Rhc8 would win.} 24. Qe4 (24. Qf3 $11 {remains equal.} Bf4 25. Ne2) 24... Kd7 (24... Bf4 $17 25. Nf5+ Kd8) 25. Nf5 $11 {[%emt 0:01:38] Chess con chili.} Bf8 {[%emt 0:00:44] [#]} (25... Bf4 $1 $11 {keeps the balance.}) 26. Nxd4 $1 $16 {[%emt 0:02:33] White is more active.} exd4 27. Qxd4+ Kc6 $2 (27... Bd6 $16 {is more resistant.} 28. Re4 Qf5 29. Qxd6+ Kc8) 28. Rg3 $2 (28. Re4 $18 Qf5 29. Rf4 (29. Re8 b5 $18)) 28... Bc5 $11 29. Rc3 $1 b6 {[%emt 0:03:06] Threatens to win with ...Kb7.} 30. b4 Rb8 31. Kc1 Qe5 32. bxc5 Qxd4 (32... Kb7 $11 {deserves consideration.}) 33. Rxd4 $14 {[%emt 0:00:03] cxb6+ is the strong threat.} bxc5 $11 {[%emt 0:00:04][%mdl 4096] Endgame. KRR-KRR} 34. Rf4 Re8 35. Rxf6+ Re6 {[%emt 0:00:05] [#]} 36. Rcf3 (36. Rf5 $1 $16 Kb6 37. Rh3) 36... Rxf6 {[%emt 0:00:26] The position is equal.} 37. Rxf6+ Kb5 38. h4 a5 39. Kb2 Kc4 40. Rf4+ Kd5 41. Kc3 Re7 {[%emt 0:00:00] Weighted Error Value: White=0.22 (precise) /Black=0.33.  Loses game:     	---       	Black=1      Missed win:     	White=1     	---        Mistake:       	White=2     	Black=4      Inaccurate:     	White=1     	Black=1      OK:         	White=9     	Black=17     Best:        	White=1     	Black=3      Strong:       	White=4     	---        Brilliant:      	White=1     	---} 1/2-1/2

[Event "Slovakian ECo-C Extraliga 2024-25"]
[Site "Slovakia"]
[Date "2024.11.24"]
[Round "2.2"]
[White "Manik, Mikulas"]
[Black "Laurusas, Tomas"]
[Result "0-1"]
[Annotator "TA"]
[ECO "B10"]
[WhiteElo "2318"]
[BlackElo "2579"]
[PlyCount "128"]
[EventDate "2024.09.12"]
[EventType "team-tourn"]
[EventCountry "SVK"]
[SourceTitle "playchess.com"]
[Source "ChessBase"]
[SourceQuality "1"]
[TimeControl "5400+30"]

1. e4 c6 2. c4 d5 3. exd5 cxd5 4. cxd5 Nf6 5. Nc3 Nxd5 6. Nf3 Nxc3 7. bxc3 e6 8. d4 Qc7 {[%emt 0:01:40] The position is equal.} 9. Bb2 Nd7 10. Bd3 {[%emt 0:01:01] [#]} Ba3 $1 11. Qb3 (11. Qc2 Bxb2) 11... Bxb2 12. Qxb2 O-O 13. O-O b6 14. Be4 Bb7 15. Bxb7 Qxb7 16. c4 Rac8 17. Rfc1 Rc6 18. Rc3 Rfc8 19. Rac1 Qc7 20. g3 h6 21. Qe2 Qd8 22. R3c2 R6c7 23. Kg2 Nf6 24. h3 Qd6 25. Qe5 Qb4 26. Qe2 Qa4 27. Ne5 b5 28. Qd3 Nd5 {[%emt 0:07:35] [#] ...Nb4 is the strong threat.} 29. Qb3 (29. Qf3 $5 f6 (29... bxc4 30. Rxc4 Rxc4 31. Qxf7+ Kh7 32. Rxc4 $11) 30. Qg4 $11) 29... Qxb3 30. axb3 Nb4 31. Rd2 bxc4 32. Rxc4 Rxc4 33. Nxc4 $15 {[%emt 0:01:19][%mdl 4096] Endgame. KRN-KRN} Rb8 34. Ne3 Kf8 35. Rd1 Nc6 36. d5 exd5 37. Rxd5 Rxb3 38. Rd7 a5 39. Rc7 {[%emt 0:00:53] Rc8+ would now be deadly.} Nd8 40. Ra7 Rb5 41. Nc4 Nb7 42. g4 g6 43. f4 Kg7 44. Kf3 Kf6 45. Ra6+ Ke7 46. Ne5 Nd8 47. Ra7+ Ke6 48. Ra8 Nb7 49. Ra6+ Ke7 50. h4 h5 51. g5 Nd6 52. Nc6+ Kf8 53. Ne5 Ke7 54. Nc6+ Kf8 55. Ne5 Nf5 56. Ra7 $1 Nxh4+ 57. Kf2 Rb2+ 58. Kg3 Nf5+ {[%emt 0:00:06] Black is slightly better.} 59. Kh3 Nd6 60. Rxa5 Rb3+ 61. Kg2 Rb7 62. Rd5 Nf5 {[%emt 0:01:13] Hoping for ...Ne3+.} 63. Rd8+ Kg7 64. Rd7 Rb2+ {[%mdl 32768] Weighted Error Value: White=0.06 (flawless) /Black=0.05 (flawless) .  Mistake:       	---       	Black=1      Inaccurate:     	White=3     	Black=3      OK:         	White=23    	Black=29     Best:        	White=1     	Black=1      Strong:       	White=1     	---       . Loss on time!?} ({Better is} 64... Rxd7 $15 65. Nxd7 Ne3+ 66. Kg3 Nd5) 0-1

[Event "Slovakian ECo-C Extraliga 2024-25"]
[Site "Slovakia"]
[Date "2024.11.24"]
[Round "2.3"]
[White "Sipos, Istvan"]
[Black "Kriebel, Tadeas"]
[Result "1-0"]
[Annotator "TA"]
[ECO "D31"]
[WhiteElo "2454"]
[BlackElo "2512"]
[PlyCount "59"]
[EventDate "2024.09.12"]
[EventType "team-tourn"]
[EventCountry "SVK"]
[SourceTitle "playchess.com"]
[Source "ChessBase"]
[SourceQuality "1"]
[TimeControl "5400+30"]

1. c4 e6 2. Nc3 d5 3. d4 c6 4. e3 Bd6 5. Bd3 f5 6. Qc2 Nh6 (6... Nf6 $11 {deserves consideration.}) 7. Nf3 O-O 8. b3 {[%emt 0:05:40] White is slightly better.} Nd7 9. Bb2 Qe7 10. h3 b6 11. cxd5 exd5 12. O-O-O Bb7 (12... a5 $11) 13. g4 $1 $16 fxg4 (13... c5 $1 $14) 14. Bxh7+ Kh8 {[%emt 0:00:05] [#]} 15. Ne5 $1 Bxe5 16. dxe5 {[%emt 0:00:05] Hoping for hxg4.} g3 17. f4 {[%emt 0:01:57] Threatens to win with Rhg1.} (17. fxg3 Nxe5 18. g4 Rad8 $17) 17... Nc5 {[%emt 0:01:55] [#]} (17... Nxe5 $1 $14 18. fxe5 Rf2) 18. Ne2 $1 $18 g2 19. Rhg1 Bc8 {[%emt 0:00:07] [#]} 20. e6 $1 (20. Rxg2 $6 Bf5 21. Bxf5 Nxf5) 20... Bxe6 21. Rxg2 Rf7 {[%emt 0:11:44] [#]} (21... Nf5 {keeps fighting.} 22. Rdg1 Rf7) 22. Rxg7 $1 Rxg7 23. Rg1 Bg4 24. hxg4 {[%emt 0:01:41] Black must now prevent g5.} Qxe3+ 25. Kb1 Ne4 {[%emt 0:01:17] Inhibits g5.} 26. Bxe4 (26. Bxg7+ Kxg7 27. Bxe4 (27. Qxc6 Qxe2 28. Qg6+ Kh8 $11) 27... Qxe4 $14) (26. g5 $142 Kxh7 27. Qxc6 (27. Bxg7 Kxg7 28. gxh6+ Kh8 $18) 27... Nxg5 28. fxg5 (28. Qxa8 Qe4+ 29. Ka1 d4 $18) 28... Qe4+ 29. Ka1) 26... Qxe4 27. Qxe4 (27. Bxg7+ Kxg7 28. Qxe4 dxe4 $11) 27... dxe4 28. Rh1 $1 ({Stronger than} 28. Bxg7+ Kxg7 29. Nd4 c5 30. Ne6+ Kg6 $15) 28... Kg8 29. Rxh6 Rxg4 (29... Rh7 30. Rxh7 (30. Rxc6 Rh2 $18) 30... Kxh7) 30. Rh8+ {[%emt 0:00:05] Weighted Error Value: White=0.38/Black=0.56.  Mistake:       	White=1     	Black=6      Inaccurate:     	White=1     	Black=1      OK:         	White=5     	Black=4      Best:        	White=5     	Black=1      Strong:       	White=4     	---        Brilliant:      	White=1     	---} ({Less strong is} 30. Rxc6 Rg2 $18) 1-0

[Event "Slovakian ECo-C Extraliga 2024-25"]
[Site "Slovakia"]
[Date "2024.11.24"]
[Round "2.3"]
[White "Zwardon, Vojtech"]
[Black "Babula, Vlastimil"]
[Result "1/2-1/2"]
[Annotator "RC"]
[ECO "A28"]
[WhiteElo "2446"]
[BlackElo "2496"]
[PlyCount "128"]
[EventDate "2024.09.12"]
[EventType "team-tourn"]
[EventCountry "SVK"]
[SourceTitle "playchess.com"]
[Source "ChessBase"]
[SourceQuality "1"]
[TimeControl "5400+30"]

1. c4 Nf6 2. Nc3 e5 3. Nf3 Nc6 4. Qc2 Bc5 5. e3 d6 6. Na4 O-O 7. a3 a5 8. Nxc5 dxc5 9. b3 Re8 10. d3 Nd7 11. Bb2 Nf8 12. Be2 Ra6 13. Nd2 Bf5 14. Ne4 Bxe4 15. dxe4 Nb8 16. Rd1 Rd6 17. Rd5 f6 18. Qd2 Nc6 19. O-O Qe7 20. Bg4 Red8 21. Rd1 b6 22. Qe2 Nb8 23. h4 c6 24. R5d3 Qc7 25. h5 Kf7 26. g3 Rxd3 27. Rxd3 Rxd3 28. Qxd3 Ke7 29. f4 Qd6 30. Qc3 Nbd7 31. Kf2 Kd8 32. Ke2 Kc7 33. Qe1 Qe7 34. Kd3 Qd6+ 35. Kc2 Qe7 36. Bc3 Qd6 37. Qh1 Qe7 38. Bf5 Qf7 39. Kd3 Qe7 40. Qf3 Qf7 41. Bh3 Qe7 42. Kc2 Kd8 43. Bf5 Qf7 44. Bxd7 Nxd7 45. fxe5 a4 46. exf6 axb3+ 47. Kxb3 gxf6 48. e5 b5 49. Qf4 Qxh5 50. e6 bxc4+ 51. Qxc4 Ne5 52. Bxe5 Qxe5 53. Qd3+ Kc7 54. Qxh7+ Kb6 55. Qd3 Qxe6+ 56. Ka4 Qg4+ 57. e4 f5 58. Qd8+ Ka6 59. Qa5+ Kb7 60. Qxc5 fxe4 61. Ka5 Qxg3 62. Qb6+ Ka8 63. Qxc6+ Kb8 64. Qe8+ Ka7 1/2-1/2